 Dungeon Crawl Stone Soup version 0.32-a0-42-ga30500b4d3 (webtiles) character file.

Game seed: 14478692159854940247

1683 jlumianski the Ruffian (level 9, 0/99 HPs)
             Began as a Gnoll Shapeshifter on Feb 2, 2024.
             Was an Initiate of Wu Jian.
             Slain by a wolf spider zombie (8 damage)
             ... on level 7 of the Dungeon.
             The game lasted 00:24:59 (5712 turns).

jlumianski the Ruffian (Gnoll Shapeshifter)         Turns: 5712, Time: 00:24:59

Health: 0/99       AC: 24    Str: 16 (17) XL:     9   Next: 2%
Magic:  10/14      EV:  2    Int:  8 (11) God:    Wu Jian [......]
Gold:   97         SH:  0    Dex: 10 (11) Spells: 9/15 levels left

rFire   . .          .
                       - Unarmed
rCold   . . .        (no shield)
rNeg    . . .        y - melded +0 chain mail
rPois   +            B - melded +0 helmet
rElec   .            (cloak currently unavailable)
rCorr   .            j - melded +2 pair of gloves {infuse}
SInv    .            v - melded +0 pair of boots
Will    .....        D - amulet of magic regeneration
Stlth   ++           (no ring)
HPRegen 0.36/turn    (no ring)
MPRegen 0.54/turn

%: no passive effects
@: tree-form
A: stationary, stasis, torment immunity, boosted hp, (fangs 1), strong nose,
distributed training
a: Renounce Religion


You were on level 7 of the Dungeon.
You worshipped Wu Jian.
Wu Jian was noncommittal.
You were a tree.
You visited 2 branches of the dungeon, and saw 8 of its levels.

You collected 328 gold pieces.
You spent 231 gold pieces at shops.

Inventory:

Missiles
 h - 3 atropa-tipped darts
 k - 14 boomerangs
 m - 28 poisoned darts (quivered)
 A - a throwing net
 J - 3 javelins
Armour
 a - a +0 animal skin
 f - a +1 pair of gloves
 j - a +2 pair of gloves of infusion (melded)
 v - a +0 pair of boots (melded)
 w - a +0 ring mail
 y - a +0 chain mail (melded)
 B - a +0 helmet (melded)
Jewellery
 D - an amulet of magic regeneration (around neck)
Talismans
 c - a beast talisman
 d - a flux talisman (active)
 l - a maw talisman
 o - a blade talisman
 s - a serpent talisman
Wands
 C - a wand of paralysis (16)
 H - a wand of polymorph (9)
Scrolls
 e - a scroll of fog
 i - a scroll of enchant weapon
 q - 2 scrolls of fear
 u - a scroll of teleportation
 z - a scroll of amnesia
 E - a scroll of noise {unknown}
 G - a scroll of vulnerability
 I - a scroll of revelation {unknown}
 K - 3 scrolls of identify
Potions
 b - 2 potions of lignification
 g - a potion of ambrosia
 n - a potion of berserk rage {unknown}
 p - 2 potions of attraction
 r - a potion of curing
 t - a potion of heal wounds {unknown}
 x - a potion of enlightenment
 F - a potion of degeneration


   Skills:
 + Level 4.7 Fighting
 + Level 3.9 Short Blades
 + Level 3.9 Long Blades
 + Level 3.9 Axes
 + Level 3.9 Maces & Flails
 + Level 3.9 Polearms
 + Level 3.9 Staves
 + Level 3.9 Ranged Weapons
 + Level 3.9 Throwing
 + Level 3.9 Armour
 + Level 6.1 Dodging
 + Level 3.9 Stealth
 + Level 3.9 Shields
 + Level 7.7 Unarmed Combat
 + Level 3.9 Spellcasting
 + Level 3.2 Conjurations
 + Level 3.2 Hexes
 + Level 3.2 Summonings
 + Level 3.2 Necromancy
 + Level 3.2 Translocations
 + Level 3.2 Fire Magic
 + Level 3.2 Ice Magic
 + Level 3.2 Air Magic
 + Level 3.2 Earth Magic
 + Level 3.2 Alchemy
 + Level 4.3 Invocations
 + Level 3.9 Evocations
 + Level 7.5 Shapeshifting


You had 9 spell levels left.
You knew the following spells:

 Your Spells              Type           Power      Damage    Failure   Level
a - Blink                 Tloc           12%        N/A       12%         2
b - Momentum Strike       Conj/Tloc      12%        3d8       12%         2
c - Lesser Beckoning      Tloc           12%        N/A       12%         2

Your spell library contained the following spells:

 Spells                   Type           Power      Damage    Failure   Level
 Manifold Assault         Tloc           6%         N/A       61%         4
 Dispersal                Tloc           3%         N/A       100%        6
 Disjunction              Tloc           3%         N/A       100%        8


Dungeon Overview and Level Annotations

Branches:
Dungeon (7/15)             Temple (1/1) D:6

Altars:
Ashenzari
Cheibriados
Dithmenos
Elyvilon
Gozag
Hepliaklqana
Nemelex Xobeh
Qazlal
Ru
Sif Muna
Trog
Uskayaw
Vehumet
Wu Jian
Xom
Yredelemnul
Zin
The Shining One

Shops:
D:3 (   D:4 [   D:6 =*!


Innate Abilities, Weirdness & Mutations

You are a tree.
Your roots penetrate the ground, keeping you stationary.
You cannot be teleported.
You are immune to unholy pain and torment.
Your maximum health is greatly increased.
Your equipment is partially melded.
((You have very sharp teeth.))
Your uncanny sense of smell can sniff out nearby items.
Your experience applies equally to all skills.


Message History

The wolf spider zombie shudders as magic cascades through it!!
You bite the wolf spider zombie.
The wolf spider zombie is heavily damaged.
The wolf spider zombie completely misses you.
The wolf spider zombie misses you.
You hit the wolf spider zombie.
The wolf spider zombie begins to glow.
The wolf spider zombie is heavily damaged.
The wolf spider zombie hits you! The wolf spider zombie misses you.
You punch the wolf spider zombie!
The wolf spider zombie glows dangerously bright.
The wolf spider zombie is heavily damaged.
The wolf spider zombie completely misses you.
The wolf spider zombie bites you.
You punch the wolf spider zombie!
The wolf spider zombie shudders as magic cascades through it!!
The wolf spider zombie is almost destroyed.
The wolf spider zombie hits you. The wolf spider zombie bites you!
You hit the wolf spider zombie.
The wolf spider zombie begins to glow.
The wolf spider zombie is almost destroyed.
The wolf spider zombie hits you!
The wolf spider zombie closely misses you.
You hit the wolf spider zombie.
The wolf spider zombie glows dangerously bright.
You bite the wolf spider zombie.
The wolf spider zombie is almost destroyed.
The wolf spider zombie hits you!
The wolf spider zombie closely misses you.
The wolf spider zombie hits you!
* * * LOW HITPOINT WARNING * * *
The wolf spider zombie bites you!
* * * LOW HITPOINT WARNING * * *
Your transformation has ended.
Your +0 chain mail unmelds from your body.
You turn into a tree.
Your +0 helmet melds into your body.
Your +2 pair of gloves of infusion melds into your body.
Your +0 pair of boots melds into your body.
Your +0 chain mail melds into your body.
You feel magic leave your hands.
Your roots penetrate the ground.
The wolf spider zombie hits you!
You die...

5......###.####.....###
[.P..........))).†....+
.....#Z.#.############
.8. #..#.# . #....#
#....# ####.# #Z# #♣#
#.#### #....#
###########
####.###..........
#..............
#####..........
###'####### #...#
###.###


You could see a wolf spider zombie (heavy contam).

Vanquished Creatures
  A steam dragon (D:6)
  An ice beast (D:6)
  A black bear (D:4)
  3 ogres
  2 centaurs
  2 phantoms
  A kobold brigand (D:7)
  A bullfrog (D:7)
  A howler monkey (D:4)
  A bombardier beetle (D:4)
  4 hounds
  2 jellies
  A sleepcap (D:5)
  5 iguanas
  2 orc wizards (D:5)
  4 gnolls (D:4)
  5 adders
  A shadow imp (D:7)
  2 ufetubi (D:5)
  4 ribbon worms
  A dart slug (D:2)
  17 orcs
  5 ball pythons
  5 endoplasms
  5 giant cockroaches
  6 goblins
  10 hobgoblins
  17 jackals
  2 quokkas
  8 bats
  2 frilled lizards
  12 kobolds
  6 rats
140 creatures vanquished.

Notes
Turn   | Place    | Note
-------+----------+-------------------------------------------
     0 | D:1      | jlumianski the Gnoll Shapeshifter began the quest for the
                  | Orb.
     0 | D:1      | Reached XP level 1. HP: 17/17 MP: 1/1
    93 | D:1      | Reached XP level 2. HP: 23/23 MP: 2/2
   282 | D:1      | Found a faded altar of an unknown god.
   402 | D:1      | Reached XP level 3. HP: 25/28 MP: 3/3
   829 | D:2      | Reached skill level 1 in Invocations
   917 | D:2      | Reached skill level 1 in Short Blades
   917 | D:2      | Reached skill level 1 in Long Blades
   917 | D:2      | Reached skill level 1 in Axes
   917 | D:2      | Reached skill level 1 in Maces & Flails
   917 | D:2      | Reached skill level 1 in Polearms
   917 | D:2      | Reached skill level 1 in Staves
   917 | D:2      | Reached skill level 1 in Ranged Weapons
   917 | D:2      | Reached skill level 1 in Throwing
   917 | D:2      | Reached skill level 1 in Armour
   917 | D:2      | Reached skill level 1 in Stealth
   917 | D:2      | Reached skill level 1 in Shields
   917 | D:2      | Reached skill level 1 in Spellcasting
   917 | D:2      | Reached skill level 1 in Evocations
  1030 | D:2      | Found a snail-covered altar of Cheibriados.
  1192 | D:4      | Found Qackutoe's Armour Shop.
  1195 | D:4      | Bought a +0 pair of boots for 45 gold pieces
  1308 | D:3      | Reached XP level 4. HP: 34/34 MP: 5/5
  1502 | D:3      | Reached skill level 1 in Conjurations
  1502 | D:3      | Reached skill level 1 in Hexes
  1502 | D:3      | Reached skill level 1 in Summonings
  1502 | D:3      | Reached skill level 1 in Necromancy
  1502 | D:3      | Reached skill level 1 in Translocations
  1502 | D:3      | Reached skill level 1 in Fire Magic
  1502 | D:3      | Reached skill level 1 in Ice Magic
  1502 | D:3      | Reached skill level 1 in Air Magic
  1502 | D:3      | Reached skill level 1 in Earth Magic
  1502 | D:3      | Reached skill level 1 in Alchemy
  1926 | D:3      | Reached XP level 5. HP: 37/40 MP: 7/7
  2096 | D:3      | Found Diuhaha's Weapon Shoppe.
  2463 | D:4      | Noticed an ogre
  2473 | D:4      | Killed an ogre
  2474 | D:4      | Reached XP level 6. HP: 47/47 MP: 8/8
  2599 | D:4      | Reached skill level 5 in Dodging
  2720 | D:5      | Entered Level 5 of the Dungeon
  2975 | D:4      | Reached XP level 7. HP: 49/52 MP: 5/10
  4008 | D:4      | Reached XP level 8. HP: 38/60 MP: 9/12
  4162 | D:5      | Learned a level 2 spell: Blink
  4165 | D:5      | Learned a level 2 spell: Momentum Strike
  4775 | D:6      | Learned a level 2 spell: Lesser Beckoning
  4832 | D:6      | Found a staircase to the Ecumenical Temple.
  4838 | Temple   | Entered the Ecumenical Temple
  4865 | Temple   | Became a worshipper of the Wu Jian Council
  4924 | D:6      | Found a hide-covered altar of Uskayaw.
  4925 | D:6      | Found a hazy altar of Hepliaklqana.
  4925 | D:6      | Found a snail-covered altar of Cheibriados.
  4926 | D:6      | Found a stormy altar of Qazlal.
  5123 | D:6      | Reached XP level 9. HP: 51/66 MP: 11/14
  5318 | D:6      | Found Meum's Distillery.
  5320 | D:6      | Found Enneilok's Assorted Antiques.
  5339 | D:6      | Found Voshuepp's Jewellery Shoppe.
  5346 | D:6      | Bought a scroll of identify for 62 gold pieces
  5346 | D:6      | Bought a scroll of identify for 62 gold pieces
  5346 | D:6      | Bought a scroll of identify for 62 gold pieces
  5712 | D:7      | Slain by a wolf spider zombie

Illustrated notes

Levels and vault maps discovered:
D:1:      minmay_arrival_cross, layout_basic, basic_ecumenical_altar,
          dk_noncrumbling_3, chequers_serial_rivers_large_a
D:2:      layout_rooms, basic_altar, st_stairs_11
D:3:      minmay_spotlight, layout_basic, serial_shops, shop, minivault_23,
          hangedman_feature_mirror
D:4:      layout_basic, serial_shops, kennysheep_mini_moat
D:5:      layout_rooms
D:6:      layout_cave_pools, chequers_temple_overflow_statue_of_worship,
          temple_green, serial_bayou_pond_d, nicolae_wooded_promenade
D:7:      cheibrodos_grave_circle, layout_basic, old_standard_altar,
          serial_bayou_pond_e
Temple:   eino_temple_water

Skill      XL: |  1  2  3  4  5  6  7  8 |
---------------+-------------------------+-----
Invocations    | 1 2 3 4 |  4.3
Short Blades   | 1 2 3 |  3.9
Long Blades    | 1 2 3 |  3.9
Axes           | 1 2 3 |  3.9
Maces & Flails | 1 2 3 |  3.9
Polearms       | 1 2 3 |  3.9
Staves         | 1 2 3 |  3.9
Ranged Weapons | 1 2 3 |  3.9
Throwing       | 1 2 3 |  3.9
Armour         | 1 2 3 |  3.9
Stealth        | 1 2 3 |  3.9
Shields        | 1 2 3 |  3.9
Spellcasting   | 1 2 3 |  3.9
Evocations     | 1 2 3 |  3.9
Conjurations   | 1 2 3 |  3.2
Hexes          | 1 2 3 |  3.2
Summonings     | 1 2 3 |  3.2
Necromancy     | 1 2 3 |  3.2
Translocations | 1 2 3 |  3.2
Fire Magic     | 1 2 3 |  3.2
Ice Magic      | 1 2 3 |  3.2
Air Magic      | 1 2 3 |  3.2
Earth Magic    | 1 2 3 |  3.2
Alchemy        | 1 2 3 |  3.2
Fighting       | 3 4 |  4.7
Dodging        | 5 6 |  6.1
Unarmed Combat | 7 |  7.7
Shapeshifting  | 7 |  7.5

Action                     |  1- 3 |  4- 6 |  7- 9 || total
---------------------------+-------+-------+-------++-------
  Melee: Unarmed           |    71 |   132 |   179 ||   382
         Bite              |     5 |    12 |    26 ||    43
         Punch             |     2 |     1 |       ||     3
  Throw: Dart              |       |     5 |       ||     5
   Cast: Momentum Strike   |       |       |     1 ||     1
Ability: Lunge             |       |       |     2 ||     2
    Use: Scroll            |       |     5 |     2 ||     7
         Potion            |       |     3 |     3 ||     6
   Stab: Sleeping          |     1 |       |       ||     1
 Armour: Animal skin       |    29 |       |       ||    29
         Ring mail         |       |    13 |       ||    13
         Chain mail        |       |    25 |       ||    25
         Skin              |       |    18 |   103 ||   121
  Dodge: Dodged            |    65 |    69 |   144 ||   278
   Form: Flux              |       |     1 |       ||     1

Table legend: (Time is in decaauts)
 A = Elapsed time spent in this place.
 B = Non-inter-level travel time spent in this place.
 C = Inter-level travel time spent in this place.
 D = Time resting spent in this place.
 E = Time spent auto-exploring this place.
 F = Levels seen in this place.
 G = Mean time per level.
                   A        B        C        D        E       F      G
               +--------+--------+--------+--------+--------+-----+--------+
         Total |   5687 |   5576 |    111 |    372 |   3267 |   8 |  710.9 |
       Dungeon |   5626 |   5515 |    111 |    372 |   3267 |   7 |  803.7 |
        Temple |     60 |     60 |      0 |      0 |      0 |   1 |   60.0 |
               +--------+--------+--------+--------+--------+-----+--------+

Top non-repeatable levels by time:
     D:4: 1611 daAuts
     D:3: 1077 daAuts
     D:6: 791 daAuts
     D:5: 744 daAuts
     D:1: 666 daAuts
     D:2: 443 daAuts
     D:7: 292 daAuts
  Temple: 60 daAuts
